 Dungeon Crawl Stone Soup version 0.31-a0-1626-g5cb510d322 (webtiles) character file.

Game seed: 14474251035533477410

7 Aldia the Conjurer (level 1, -1/15 HPs)
             Began as a Demigod Conjurer on Jan 13, 2024.
             Slain by a rat (2 damage)
             ... on level 1 of the Dungeon.
             The game lasted 00:00:58 (308 turns).

Aldia the Conjurer (Demigod Conjurer)                Turns: 308, Time: 00:00:59

Health: -1/15      AC:  2    Str:  8    XL:     1   Next: 66%
Magic:  0/5        EV: 12    Int: 20    God:
Gold:   15         SH:  0    Dex: 12    Spells: 2/3 levels left

rFire   . . .        c - +0 falchion
rCold   . . .        (no shield)
rNeg    . . .        a - +0 robe
rPois   .            (no helmet)
rElec   .            (no cloak)
rCorr   .            (no gloves)
SInv    .            (no boots)
Will    .....        (no amulet)
Stlth   ++           (no ring)
HPRegen 0.22/turn    (no ring)
MPRegen 0.09/turn

%: no passive effects
@: very slightly contaminated
A: high MP 1, forlorn, divine attributes
a: no special abilities


You were on level 1 of the Dungeon.
You visited 1 branch of the dungeon, and saw 1 of its levels.

You collected 15 gold pieces.

Inventory:

Hand Weapons
 c - a +0 falchion (weapon)
Armour
 a - a +0 robe (worn)
Potions
 b - a potion of magic


   Skills:
 + Level 0.3 Fighting
 + Level 1.9 Dodging
 - Level 1.7 Stealth
 + Level 1.9 Spellcasting
 * Level 3.7 Conjurations


You had 2 spell levels left.
You knew the following spells:

 Your Spells              Type           Power      Damage    Failure   Level
a - Magic Dart            Conj           68%        1d6       3%          1

Your spell library contained the following spells:

 Spells                   Type           Power      Damage    Failure   Level
 Searing Ray              Conj           34%        2d5       4%          2
 Fulminant Prism          Conj/Alch      4%         3d5       58%         4
 Iskenderun's Mystic Bla  Conj/Tloc      9%         2d4       58%         4


Dungeon Overview and Level Annotations

Branches:
Dungeon (1/15)


Innate Abilities, Weirdness & Mutations

You have an increased reservoir of magic. (+10% MP)
You shall have no god before yourself.
Your divine heritage dramatically boosts your attributes as you level up.


Message History

You enter the shallow water.
Moving in this stuff is going to be slow.
Found a stone staircase leading down.
A hobgoblin comes into view.
Found a robe.
The hobgoblin shouts!
A hobgoblin is nearby!
The magic dart hits the hobgoblin.
The hobgoblin is lightly wounded.
A quokka comes into view.
The magic dart hits the hobgoblin but does no damage.
The hobgoblin is lightly wounded.
You miscast Magic Dart.
You are very lightly contaminated with residual magic.
Nothing appears to happen.
A rat comes into view.
You miscast Magic Dart.
Nothing appears to happen.
The rat squeaks loudly.
The magic dart hits the hobgoblin.
The hobgoblin is almost dead.
You are out of magic!
You are out of magic!
You are out of magic!
You are out of magic!
You closely miss the hobgoblin.
The hobgoblin is almost dead.
The hobgoblin closely misses you. The hobgoblin hits you.
You barely miss the hobgoblin.
The hobgoblin is almost dead.
The quokka misses you. The hobgoblin misses you. The quokka barely misses you.
You closely miss the hobgoblin.
The hobgoblin is almost dead.
The quokka bites you. The rat barely misses you.
The hobgoblin closely misses you.
You hit the hobgoblin.
You kill the hobgoblin!
The quokka bites you. The rat closely misses you. The quokka bites you.
* * * LOW HITPOINT WARNING * * *
The rat bites you.
You die...

.[# ###..## #..>.. #####
#.#..# ....# ######....###
###.# ............# ##.#
#####.r†r.# .# # #..#
≈##.?....@..# .#.# #..#
#≈######.....###.#.#
#..##≈≈≈# ##..........#
##..#≈≈≈≈# #........###
....#≈≈≈≈######.####..###
##..#≈~.≈#.~.~.......~~~##
#...#~~~~~~~~~~~~~~~~~~..#
#.##.~≈≈~≈~~~≈~≈~.~~.≈~~.#
#.##.~..≈≈≈.~~~~~~~~≈≈≈≈≈#


You could see a quokka and a rat.

Vanquished Creatures
  An endoplasm (D:1)
  2 goblins (D:1)
  2 hobgoblins (D:1)
  A ball python (D:1)
  2 frilled lizards (D:1)
8 creatures vanquished.

Notes
Turn   | Place    | Note
-------+----------+-------------------------------------------
     0 | D:1      | Aldia the Demigod Conjurer began the quest for the Orb.
     0 | D:1      | Reached XP level 1. HP: 14/14 MP: 5/5
   308 | D:1      | Slain by a rat

Illustrated notes

Levels and vault maps discovered:
D:1:      saegor_arrival_simple_e, layout_loops_ring, minmay_misc_feat_tower,
          chequers_serial_rivers_large_a, grunt_decor_junction,
          grunt_decor_resistance

Action                     || total
---------------------------++-------
  Melee: Unarmed           ||    15
         Falchion          ||     4
   Cast: Magic Dart        ||    14
 Armour: Robe              ||    11
  Dodge: Dodged            ||    15

Table legend: (Time is in decaauts)
 A = Elapsed time spent in this place.
 B = Non-inter-level travel time spent in this place.
 C = Inter-level travel time spent in this place.
 D = Time resting spent in this place.
 E = Time spent auto-exploring this place.
 F = Levels seen in this place.
 G = Mean time per level.
                   A        B        C        D        E       F      G
               +--------+--------+--------+--------+--------+-----+--------+
         Total |    310 |    310 |      0 |      0 |    257 |   1 |  310.0 |
       Dungeon |    310 |    310 |      0 |      0 |    257 |   1 |  310.0 |
               +--------+--------+--------+--------+--------+-----+--------+

Top non-repeatable levels by time:
     D:1: 310 daAuts
